 Dungeon Crawl Stone Soup version 0.20-a0-910-gb611367 (webtiles) character file.

16270 Jivvin the Artisan of Death (level 12, -9/94 HPs)
             Began as a Demonspawn Necromancer on Mar 24, 2017.
             Was a Priest of Kikubaaqudgha.
             Hit by a large rock thrown by a cyclops (22 damage)
             ... on level 12 of the Dungeon.
             The game lasted 00:21:11 (15315 turns).

Jivvin the Artisan of Death (DsNe)                 Turns: 15315, Time: 00:21:12

Health: -9/94      AC: 12    Str:  8    XL:     12   Next: 8%
Magic:  22/28      EV: 12    Int: 25    God:    Kikubaaqudgha [***...]
Gold:   543        SH:  5    Dex: 18    Spells: 3/21 levels left

rFire    . . .     SeeInvis +   b - +1 flail (pain)
rCold    . . .     Gourm    .   F - +0 troll leather armour
rNeg     . . .     Faith    .   (no shield)
rPois    .         Spirit   .   (helmet unavailable)
rElec    +         Reflect  +   c - +2 cloak
rCorr    .         Harm     .   y - +0 pair of gloves
MR       .....                  (no boots)
Stlth    ++........             N - +5 amulet of reflection
Regen    0.7/turn               w - +3 ring of intelligence
MPRegen  0.3/turn               m - ring of magical power

@: no status effects
A: antennae 3, hooves 1, thin metallic scales 3, agile 1, clever 1, powered by
death 1, powered by pain 2, robust 1
a: Receive Corpses, Renounce Religion


You were on level 12 of the Dungeon.
You worshipped Kikubaaqudgha.
Kikubaaqudgha was most pleased with you.
You were not hungry.

You visited 2 branches of the dungeon, and saw 13 of its levels.
You also visited: Bailey.

You collected 729 gold pieces.
You spent 186 gold pieces at shops.

Inventory:

Hand Weapons
 a - a +0 flail of crushing
 b - a +1 flail of pain (weapon)
Armour
 c - a +2 cloak (worn)
 v - a +0 leather armour
 y - a +0 pair of gloves (worn)
 F - a +0 troll leather armour (worn)
 R - +0 steam dragon scales
Jewellery
 m - a ring of magical power (left hand)
 w - a +3 ring of intelligence (right hand)
 C - an uncursed ring of flight
 D - an uncursed ring of ice
 H - an uncursed ring of protection from magic
 N - a +5 amulet of reflection (around neck)
 U - a +1 ring of protection {unknown}
Wands
 j - a wand of paralysis (15/24)
 z - a wand of paralysis (12/24)
 G - a wand of disintegration (6/24)
 L - a wand of polymorph (16/24)
 P - a wand of enslavement (15/24)
 Q - a wand of iceblast (0/15)
Scrolls
 d - 8 scrolls of remove curse
 e - 5 scrolls of identify
 i - 3 scrolls of amnesia
 o - 3 scrolls of fog
 s - 2 scrolls of fear
 u - 4 scrolls of blinking
 B - 4 scrolls of recharging
 M - a scroll of magic mapping
Potions
 g - a potion of agility
 k - 4 potions of heal wounds
 n - a potion of flight
 r - 4 potions of brilliance
 t - a potion of degeneration
 A - a potion of ambrosia
 K - a potion of lignification
 T - a potion of berserk rage
Books
 q - a book of Callings

   Spells                             Type                      Level
   a - Summon Small Mammal            Summoning                    1
   b - Call Imp                       Summoning                    2
   c - Call Canine Familiar           Summoning                    3
   d - Summon Guardian Golem          Hexes/Summoning              3
   e - Summon Lightning Spire         Summoning/Air                4
   f - Summon Ice Beast               Ice/Summoning                4
 x - a book of Necromancy

   Spells                             Type                      Level
   a - Pain                           Necromancy                   1
   b - Animate Skeleton               Necromancy                   1
   c - Vampiric Draining              Necromancy                   3
   d - Regeneration                   Charms/Necromancy            3
   e - Animate Dead                   Necromancy                   4
   f - Control Undead                 Necromancy                   4
 E - a book of Cantrips

   Spells                             Type                      Level
   a - Confusing Touch                Hexes                        1
   b - Animate Skeleton               Necromancy                   1
   c - Summon Small Mammal            Summoning                    1
   d - Apportation                    Translocation                1
 J - Kikubaaqudgha's Handbook of Darkness
   (Kikubaaqudgha gifted it to you on level 7 of the Dungeon)

   Spells                             Type                      Level
   a - Pain                           Necromancy                   1
   b - Corpse Rot                     Necromancy                   2
   c - Sublimation of Blood           Necromancy                   2
   d - Vampiric Draining              Necromancy                   3
   e - Control Undead                 Necromancy                   4
 O - Kikubaaqudgha's Incunabulum of Dark Rites
   (Kikubaaqudgha gifted it to you on level 9 of the Dungeon)

   Spells                             Type                      Level
   a - Animate Dead                   Necromancy                   4
   b - Excruciating Wounds            Charms/Necromancy            5
   c - Bolt of Draining               Conjuration/Necromancy       5
   d - Dispel Undead                  Necromancy                   5
   e - Death Channel                  Necromancy                   6
 S - a book of Party Tricks

   Spells                             Type                      Level
   a - Summon Butterflies             Summoning                    1
   b - Apportation                    Translocation                1
   c - Lesser Beckoning               Translocation                3
   d - Tukima's Dance                 Hexes                        3
   e - Alistair's Intoxication        Transmutation/Poison         5
   f - Invisibility                   Hexes                        6
Comestibles
 h - a meat ration
 l - 11 bread rations
 p - 20 fruits
 I - 4 royal jellies


   Skills:
 - Level 5.1 Fighting
 * Level 12.9 Maces & Flails
 - Level 1.7 Dodging
 - Level 1.7 Stealth
 - Level 5.0 Spellcasting
 + Level 13.0 Necromancy


You had 3 spell levels left.
You knew the following spells:

 Your Spells              Type           Power        Failure   Level  Hunger
a - Pain                  Necr           ####         1%          1    None
b - Vampiric Draining     Necr           ######....   1%          3    ##.....
c - Regeneration          Chrm/Necr      #####.....   2%          3    ##.....
d - Animate Dead          Necr           N/A          1%          4    ####...
e - Dispel Undead         Necr           ######..     1%          5    #####..
f - Corpse Rot            Necr           N/A          1%          2    None


Dungeon Overview and Level Annotations

Branches:
Dungeon (12/15)            Temple (1/1) D:5            Lair (0/6) D:8
    Orc (0/2) D:9

Altars:
Ashenzari
Cheibriados
Fedhas
Gozag
Kikubaaqudgha
Makhleb
Nemelex Xobeh
Okawaru
Qazlal
Ru
Uskayaw
Vehumet
Wu Jian
Xom
Yredelemnul
Zin

Shops:
D:4 *   D:8 %

Annotations:
D:10 Nergalle


Innate Abilities, Weirdness & Mutations

You have a pair of large antennae on your head. (SInv)
You are completely covered in thin metallic scales. (AC +4, rElec)
You regenerate a little health from kills.
You sometimes gain power by taking damage.
You have large cloven feet.
You are agile. (Dex +2)
Your mind is acute. (Int +2)
You are robust. (+10% HP)


Message History

Aim: a troll The troll is moderately wounded.
You feel life coursing into your body. The cyclops closely misses you.
The troll bites you but does no damage. The troll misses you.
The troll closely misses you.
Unknown command.
Casting: Vampiric Draining
Confirm with . or Enter, or press ? or * to list all spells.
Aiming: Vampiric Draining
Press: ? - help, Shift-Dir - straight line, f/p - troll
Aim: a troll (moderately wounded)
The troll is heavily wounded.
You feel life coursing into your body. The troll bites you but does no damage.
The troll claws you.
* * * LOW HITPOINT WARNING * * *
The troll claws you but does no damage.
Unknown command.
The cyclops throws a large rock.
The large rock hits you!!
You die...
Kikubaaqudgha rasps: "You have failed me!
Welcome... death!"

. #..{#.#..'.###)# .
#...#....'..#.Zo { ####
#..##....##...#. { { ...#
##..######.##.### .<.#
#........#.# ..#. ...#
#...{....#.###... # ...#
##..##T).#...# { {## ...#####
#..##.C.####### ##. ...#...#
#...@.......#{## ##.. ...#...#
#.(.........#..###... ...#...#
#############....#...
##.#...##################..#.#...
##.'....................#..#.'...
...######...............#....#...
###.....##########......#....#...
..#..#..##########......#.)..#...
..#..#..'...............#....#...


You could see a cyclops and a troll.

Vanquished Creatures
  2 two-headed ogres
  A tengu warrior (D:10)
  Pikel (D:6)
  3 orc knights
  2 manticores (D:12)
  A wolf spider (D:10)
  2 cyclopes
  Joseph (D:9)
  Psyche (D:10)
  A hornet (D:12)
  5 trolls
  9 slime creatures
  3 hippogriffs
  Sigmund (D:2)
  6 yaks
  A shadow (D:12)
  A wyvern (D:12)
  2 steam dragons
  A hungry ghost (D:12)
  A vampire mosquito (D:10)
  Edmund (D:6)
  5 orc warriors
  An ice beast (D:5)
  A sky beast (D:9)
  2 black bears (D:8)
  A necrophage (D:10)
  2 phantoms
  An eye of draining (D:10)
  4 ogres
  A centaur (D:10)
  3 big kobolds
  9 bullfrogs
  A scorpion (D:7)
  3 wights (D:9)
  A howler monkey (D:5)
  A centaur zombie (D:10)
  A crimson imp (D:9)
  2 bullfrog zombies (D:12)
  A quasit (D:9)
  6 hounds
  5 jellies
  10 orc wizards
  Crazy Yiuf (D:4)
  2 orc priests
  A bullfrog skeleton (D:9)
  An iguana (D:10)
  12 worker ants
  2 hound skeletons
  2 gnolls (D:10)
  11 adders
  A howler monkey skeleton (D:4)
  2 shadow imps (D:8)
  2 worms
  4 dart slugs
  4 leopard geckos
  37 orcs
  A ball python (D:1)
  4 bats
  5 giant cockroaches
  14 goblins
  11 hobgoblins
  4 jackals (D:9)
  5 quokkas
  4 frilled lizards
  29 kobolds
  A quokka skeleton (D:5)
  7 rats
274 creatures vanquished.

Vanquished Creatures (collateral kills)
  A kobold demonologist (D:10)
  A slime creature (D:12)
  Grum (D:10)
  An ice beast (D:8)
  3 wolves (D:10)
  A crimson imp (D:12)
  A hound zombie (D:9)
  A gnoll (D:10)
  An adder skeleton (D:8)
  A leopard gecko (D:10)
  4 orcs (D:7)
16 creatures vanquished.

Grand Total: 290 creatures vanquished

Notes
Turn   | Place    | Note
-------+----------+-------------------------------------------
     0 | D:1      | Jivvin the Demonspawn Necromancer began the quest for the Orb.
     0 | D:1      | Reached XP level 1. HP: 13/13 MP: 3/3
   740 | D:1      | Gained mutation: You sometimes gain a little power by taking damage. [demonic ancestry]
   740 | D:1      | Reached XP level 2. HP: 19/19 MP: 3/5
  1386 | D:1      | Gained mutation: You regenerate a little health from kills. [demonic ancestry]
  1386 | D:1      | Reached XP level 3. HP: 24/24 MP: 7/7
  1391 | D:1      | Learned a level 3 spell: Vampiric Draining
  1395 | D:1      | Learned a level 3 spell: Regeneration
  1659 | D:2      | Reached skill level 5 in Necromancy
  1914 | D:2      | Found a basalt altar of Yredelemnul.
  1930 | D:2      | Noticed Sigmund
  1939 | D:2      | Killed Sigmund
  1939 | D:2      | Gained mutation: You are partially covered in thin metallic scales. (AC +2) [demonic ancestry]
  1939 | D:2      | Reached XP level 4. HP: 19/30 MP: 3/10
  1939 | D:2      | Gained mutation: You sometimes gain power by taking damage. [demonic ancestry]
  1939 | D:2      | Reached XP level 5. HP: 22/35 MP: 3/11
  2227 | D:2      | Learned a level 4 spell: Animate Dead
  2334 | D:3      | Found a burning altar of Makhleb.
  2375 | D:3      | Found a sacrificial altar of Ru.
  2447 | D:3      | Noticed a hand axe
  2448 | D:3      | Noticed a hand axe
  2448 | D:3      | Found a hide-covered altar of Uskayaw.
  2790 | D:4      | Reached XP level 6. HP: 40/41 MP: 13/13
  2848 | D:4      | Reached skill level 5 in Spellcasting
  2855 | D:4      | Learned a level 4 spell: Control Undead
  2932 | D:4      | Reached skill level 6 in Necromancy
  2943 | D:4      | Found a runed door.
  2982 | D:4      | Noticed Crazy Yiuf
  2990 | D:4      | Killed Crazy Yiuf
  2990 | D:4      | Reached skill level 1 in Fighting
  3261 | D:4      | Found a radiant altar of Vehumet.
  3506 | D:4      | Found Ceseo's General Store.
  3510 | D:4      | Bought a scroll of blinking for 82 gold pieces
  3510 | D:4      | Bought a scroll of identify for 22 gold pieces
  3510 | D:4      | Bought 2 scrolls of identify for 44 gold pieces
  3510 | D:4      | Bought a scroll of amnesia for 38 gold pieces
  3796 | D:5      | Entered Level 5 of the Dungeon
  3808 | D:5      | You fall through a shaft!
  3898 | D:6      | Noticed Pikel
  3898 | D:6      | Noticed a slave
  3899 | D:6      | Noticed a slave
  3901 | D:6      | Noticed a slave
  3902 | D:6      | Noticed a slave
  3911 | D:6      | Killed Pikel
  3911 | D:6      | Reached skill level 7 in Necromancy
  3911 | D:6      | Gained mutation: You are mostly covered in thin metallic scales. (AC +3) [demonic ancestry]
  3911 | D:6      | Reached XP level 7. HP: 12/55 MP: 7/14
  4168 | D:6      | Noticed Edmund
  4179 | D:6      | Killed Edmund
  4179 | D:6      | Reached skill level 5 in Fighting
  4306 | D:6      | Reached skill level 1 in Maces & Flails
  4306 | D:6      | Gained mutation: You are completely covered in thin metallic scales. (AC +4, rElec) [demonic ancestry]
  4306 | D:6      | Reached XP level 8. HP: 53/62 MP: 15/15
  4339 | D:6      | Found a snail-covered altar of Cheibriados.
  5070 | D:5      | Found a staircase to the Ecumenical Temple.
  5237 | Temple   | Entered the Ecumenical Temple
  5338 | Temple   | Became a worshipper of Kikubaaqudgha
  5463 | D:5      | Reached skill level 8 in Necromancy
  5688 | D:5      | Found a shimmering altar of Xom.
  6477 | D:7      | Reached skill level 5 in Maces & Flails
  6630 | D:7      | Gained mutation: You have a pair of small antennae on your head. [demonic ancestry]
  6630 | D:7      | Reached XP level 9. HP: 68/68 MP: 6/16
  6758 | D:7      | Reached * piety under Kikubaaqudgha
  6758 | D:7      | Identified Kikubaaqudgha's Handbook of Darkness (Kikubaaqudgha gifted it to you on level 7 of the Dungeon)
  6758 | D:7      | Received a gift from Kikubaaqudgha
  6773 | D:7      | Learned a level 2 spell: Corpse Rot
  7118 | D:8      | Found a staircase to the Lair.
  7168 | D:8      | Reached skill level 9 in Necromancy
  7271 | D:8      | Got an ichor-stained short sword
  7272 | D:8      | Identified the +5 short sword of Defiance {pierce, rN+++} (You found it on level 8 of the Dungeon)
  7291 | D:8      | Found Rykhy's Food Boutique.
  7438 | D:8      | Found a flagged portal.
  7444 | Bailey   | Entered a bailey
  7449 | Bailey   | Noticed an orc warlord
  7499 | Bailey   | Noticed an orc knight
  7521 | Bailey   | Killed an orc knight
  7543 | Bailey   | Found a runed gate.
  7557 | Bailey   | Found a runed gate.
  7558 | Bailey   | Found a runed gate.
  7576 | Bailey   | Noticed an orc knight
  7579 | Bailey   | Noticed nebgrebaes's ghost (novice HOFi)
  7955 | D:8      | Reached ** piety under Kikubaaqudgha
  8269 | D:8      | Found a glowing silver altar of Zin.
  8269 | D:8      | Found a sparkling altar of Nemelex Xobeh.
  8494 | D:9      | Noticed a troll
  8501 | D:9      | Killed a troll
  8501 | D:9      | Reached skill level 10 in Necromancy
  8711 | D:9      | Found a staircase to the Orcish Mines.
  8733 | D:9      | Gained mutation: You are agile. (Dex +2) [mutagenic meat]
  8763 | D:9      | Noticed a troll
  8774 | D:9      | Killed a troll
  8774 | D:9      | Gained mutation: You have a pair of antennae on your head. [demonic ancestry]
  8774 | D:9      | Reached XP level 10. HP: 24/74 MP: 17/17
  8775 | D:9      | Gained mutation: You have large cloven feet. [mutagenic meat]
  8776 | D:9      | Gained mutation: You are robust. (+10% HP) [mutagenic meat]
  8777 | D:9      | Gained mutation: Your mind is acute. (Int +2) [mutagenic meat]
  9405 | D:9      | Noticed a two-headed ogre
  9426 | D:9      | Killed a two-headed ogre
  9657 | D:9      | Reached *** piety under Kikubaaqudgha
  9657 | D:9      | Identified Kikubaaqudgha's Incunabulum of Dark Rites (Kikubaaqudgha gifted it to you on level 9 of the Dungeon)
  9657 | D:9      | Received a gift from Kikubaaqudgha
  9752 | D:9      | Found an iron altar of Okawaru.
  9933 | D:10     | Entered Level 10 of the Dungeon
  9936 | D:10     | Noticed Joseph
  9955 | D:9      | Killed Joseph
  9985 | D:10     | Noticed Psyche
  9992 | D:10     | Killed Psyche
 10028 | D:10     | Noticed Nergalle
 10214 | D:10     | Reached skill level 10 in Maces & Flails
 10214 | D:10     | Reached skill level 11 in Necromancy
 10544 | D:10     | Noticed a tengu warrior
 10555 | D:10     | Killed a tengu warrior
 10555 | D:10     | Gained mutation: You have a pair of large antennae on your head. (SInv) [demonic ancestry]
 10555 | D:10     | Reached XP level 11. HP: 66/86 MP: 18/18
 10606 | D:10     | Noticed Grum
 10613 | D:10     | Killed Grum
 10614 | D:10     | Found a large runed door.
 10615 | D:10     | Found a large runed door.
 10766 | D:10     | Noticed a two-headed ogre
 10777 | D:10     | Killed a two-headed ogre
 11026 | D:10     | Found a blossoming altar of Fedhas.
 11026 | D:10     | Noticed a wolf spider
 11034 | D:10     | Killed a wolf spider
 11286 | D:10     | Found an opulent altar of Gozag.
 11286 | D:10     | Noticed a fire dragon
 12151 | D:11     | Reached skill level 12 in Necromancy
 12162 | D:11     | Noticed an orc knight
 12178 | D:11     | Killed an orc knight
 12624 | D:12     | Paralysed by a hornet for 3 turns
 12629 | D:12     | Reached **** piety under Kikubaaqudgha
 12963 | D:12     | Learned a level 5 spell: Dispel Undead
 14100 | D:12     | Found a hide-covered altar of Uskayaw.
 14838 | D:12     | Reached XP level 12. HP: 37/94 MP: 12/19
 14944 | D:12     | Noticed a death knight
 15296 | D:12     | Reached skill level 13 in Necromancy
 15315 | D:12     | Hit by a large rock thrown by a cyclops

Vault maps used:
D:1:      tarquinn_simple_flora_water_a, serial_bayou_pond_d
D:2:      overflow_temple_1_default, first_bread, uniq_sigmund
D:3:      lemuel_crystal_altar, dancing_weapons_uskayaw,
          nicolae_ru_sacrificial_ziggurat
D:4:      fiery_altar_vehumet, serial_shops, shop, kennysheep_boxes,
          uniq_crazy_yiuf_cottage
D:5:      kennysheep_mini_moat, minmay_temple_entry_purple_smoke,
          kennysheep_small_circle
D:6:      kennysheep_slug_shrine, uniq_pikel, uniq_edmund
D:8:      gammafunk_temple_overflow_wave, lair_entry_dummy, serial_shops, shop,
          enter_bailey_3
D:9:      orc_0_dummy, basic_altar
D:10:     grunt_tengu_nest, jmf_multi_god_temple2, uniq_nergalle, uniq_psyche,
          uniq_joseph, uniq_grum
D:11:     cheibrodos_orc_bank
D:12:     basic_altar, kennysheep_kite_vault
Temple:   nicolae_temple_figure_eight
Bailey:   bailey_axe_bossmonster_kennysheep, bailey

Skill      XL: |  1  2  3  4  5  6  7  8  9 10 11 12 |
---------------+-------------------------------------+-----
Spellcasting   | 4 5 |  5.0
Necromancy     | 5 7 8 10 11 12 13 | 13.0
Fighting       | 4 5 |  5.1
Maces & Flails | 1 5 8 10 12 | 12.9
Dodging        | |  1.7
Stealth        | |  1.7

Action                   |  1- 3 |  4- 6 |  7- 9 | 10-12 || total
-------------------------+-------+-------+-------+-------++-------
Melee: Spear             |    53 |       |       |       ||    53
       Mace              |    30 |    76 |       |       ||   106
       Flail             |       |       |   309 |   471 ||   780
       Whip              |       |       |     4 |       ||     4
       Kick              |       |       |       |   114 ||   114
 Cast: Pain              |    39 |    35 |    24 |    17 ||   115
       Vampiric Draining |     5 |    10 |    43 |    86 ||   144
       Regeneration      |       |     2 |       |     2 ||     4
       Animate Dead      |       |       |     9 |    17 ||    26
       Control Undead    |       |       |     5 |     5 ||    10
       Corpse Rot        |       |       |     1 |     5 ||     6
       Dispel Undead     |       |       |       |     2 ||     2
Invok: Receive Corpses   |       |       |     1 |    11 ||    12
Evoke: Wand              |       |       |       |     7 ||     7
  Use: Scroll            |     1 |    10 |    16 |     7 ||    34
       Potion            |       |     1 |     2 |     2 ||     5
 Stab: Sleeping          |     1 |       |     6 |     1 ||     8
       Distracted        |       |       |       |     1 ||     1
  Eat: Chunk             |     1 |     3 |    10 |    10 ||    24
       Bread ration      |     1 |       |       |       ||     1
       Royal jelly       |       |     1 |       |       ||     1
       Meat ration       |       |       |     3 |     5 ||     8
       Fruit             |       |       |     1 |       ||     1
Armor: Robe              |    24 |     6 |       |       ||    30
       Leather armour    |       |    26 |   196 |    73 ||   295
       Troll leather arm |       |       |       |   110 ||   110
Dodge: Dodged            |    66 |    69 |   256 |   291 ||   682
Block: Other             |       |       |    10 |   106 ||   116
       Reflection        |       |       |       |     4 ||     4
